cohdb
Replays
Latest Replays
All Replays
Popular Replays
Top Player Replays
Match Explorer
How It Works
Community
CoH3 Stats
Reddit
Sign in to upload your games and track your stats! →
Sign in with Steam
Match 47065556
Unlisted
Match 47065556
Overview
Messages
Build Orders
End
Panzergrenadier Squad
Panzergrenadier Squad
250 Light Carrier
Construct Light Support Kompanie
Assault Grenadier Squad
Selects Armored Support Battlegroup
Selects Superior Fire Drills
Construct Mechanized Kompanie
Support Armor Elements
Assault Mechanized Group
Marder III Tank Destroyer
StuG III D Assault Gun
Selects Flammpanzer III Medium Tank
Flammpanzer III Medium Tank
le.IG 18 Mechanized Group
Selects Salvage Kits
Emergency Repair Kits
Vehicle Survival Package
Selects Panzer Storm
Pak 38 Anti-tank Gun Team
Catstorm
Anime【エルフ】
~TAB~ THUND3RCHUNKY
DIV 250 BigBoss
0
0
Comments
sign in to comment!
No comments posted yet!